 Dungeon Crawl Stone Soup version bcrawl-1.32 (webtiles) character file.

Game seed: 7776916808367703084

319340 Morbidden the Thaumaturge (level 9, 0/73 HPs)
             Began as a Djinni Air Elementalist on June 27, 2021.
             Was an Initiate of Vehumet.
             Slain by a basilisk (10 damage)
             ... on level 7 of the Dungeon.
             The game lasted 00:08:29 (6593 turns).

Morbidden the Thaumaturge (Djinni Air Elementalist) Turns: 6593, Time: 00:08:29

Health: 0/73       AC:  5    Str: 14    XL:     9   Next: 88%
Magic:  15/24      EV: 10    Int: 18    God:    Vehumet [......]
Gold:   528        SH:  0    Dex: 16    Spells: 23/31 levels left

rFire    + . .     SeeInvis .   a - +2 dagger (speed)
rCold    . . .     Gourm    .   (no shield)
rNeg     . . .     Faith    .   k - +1 robe {RegenMP}
rPois    .         Spirit   .   (no helmet)
rElec    .         Reflect  .   f - +0 cloak
rCorr    .         Harm     .   j - +0 pair of gloves
MR       .....     Rnd*Rage +   (boots unavailable)
Stlth    +++.......             (no amulet)
HPRegen  0.22/turn              w - ring of protection from fire (curse)
MPRegen  0.38/turn              (no ring)

@: agile, petrifying, berserk cooldown, flying, slowed, very slow
A: never pass out, berserk 2, blink, blurry vision 2, wild magic 3, MP-powered
wands, floating
a: Blink, Renounce Religion


You were on level 7 of the Dungeon.
You worshipped Vehumet.
Vehumet was noncommittal.
You were not hungry.

You visited 2 branches of the dungeon, and saw 8 of its levels.

You collected 528 gold pieces.

Inventory:

Hand Weapons
 a - a +2 dagger of speed (weapon)
 b - a +0 blowgun
Missiles
 h - 350 poisoned needles
 p - 7 curare-tipped needles
Armour
 f - a +0 cloak (worn)
 j - a +0 pair of gloves (worn)
 k - a +1 robe of magic recovery (worn)
Jewellery
 w - a cursed ring of protection from fire (left hand)
 E - an uncursed amulet of guardian spirit {unknown}
Wands
 u - a wand of enslavement (7)
 A - a wand of random effects (14)
 B - a wand of scattershot (9)
Scrolls
 d - a scroll of enchant armour {unknown}
 g - 3 scrolls of teleportation
 i - 2 scrolls of identify
 o - 9 scrolls of remove curse {unknown}
 r - 3 scrolls of immolation {unknown}
 s - a scroll of magic mapping {unknown}
 y - a scroll of enchant weapon {unknown}
 C - a scroll of fog {unknown}
Potions
 c - 4 potions of flight
 l - a potion of resistance {unknown}
 m - a potion of might {unknown}
 n - 3 potions of agility
 q - a potion of degeneration {unknown}
 v - a potion of heal wounds {unknown}
 x - 4 potions of brilliance {unknown}
 z - a potion of haste
 D - a potion of curing {unknown}
 F - 2 potions of lignification {unknown}
Comestibles
 e - 14 rations {!d}


   Skills:
 * Level 4.8 Fighting
 + Level 1.0 Short Blades
 * Level 4.7 Dodging
 + Level 2.1 Stealth
 * Level 11.7 Spellcasting
 + Level 5.0 Conjurations
 * Level 9.6 Air Magic


You had 23 spell levels left.
You knew the following spells:

 Your Spells              Type           Power        Failure   Level  Hunger
a - Shock                 Conj/Air       #####        3%          1    None
b - Static Discharge      Air            ######..     4%          3    None
c - Airstrike             Air            ######....   8%          4    None

Your spell library contained the following spells:

 Spells                   Type           Power        Failure   Level  Hunger
 Swiftness                Chrm/Air       ######..     8%          2    None
 Lightning Bolt           Conj/Air       ######....   26%         5    ###....


Dungeon Overview and Level Annotations

Branches:
Dungeon (7/12)             Temple (1/1) D:7            Lair (0/6) D:7

Altars:
Ashenzari
Cheibriados
Dithmenos
Elyvilon
Fedhas
Gozag
Hepliaklqana
Kikubaaqudgha
Lugonu
Makhleb
Nemelex Xobeh
Okawaru
Qazlal
Ru
Sif Muna
Trog
Uskayaw
Vehumet
Wu Jian
Xom
Yredelemnul
Zin
The Shining One

Annotations:
D:2 1 runed door


Innate Abilities, Weirdness & Mutations

You never pass out after going berserk.
You often lose your temper in combat.
You can translocate small distances at will.
Scrolls take you longer to read.
Your spells are much harder to cast, but much more powerful.
You expend magic power (3 MP) to strengthen your wands.
Your body floats in the air.


Message History

The crocodile puts on a burst of speed!
The basilisk bites you!
* * * LOW HITPOINT WARNING * * *
Casting: Airstrike (safe; 8% risk of failure)
Confirm with . or Enter, or press ? or * to list all spells.
Aiming: Airstrike (safe; 8% risk of failure)
Press: ? - help, Dir - move target cursor, f/p - crocodile
Aim: a crocodile (severely wounded, covering ground quickly)
The air twists around and strikes the crocodile!
You kill the crocodile!
Vehumet accepts your kill. The basilisk gazes at you.
You are slowing down.
Unknown command.
Unknown command.
Unknown command.
Okay, then.
It was a potion of agility.
You feel agile all of a sudden. The basilisk barely misses you.
The basilisk bites you!
You die...

...# #.. #.P....##..#
#...# ....## #.#
#PP>P..# ##.##....
..#...##.#####..P...#
....#.
...#.....#..........#
..###
#........÷..####.####
### #.......#### ##.##
#.......# #lY###
#.......## ###l#..#
...##.....#####.@#...#
## ##...........#Y###
##....#######..#
#.##.# #####†# #..# ..
#.(...# #.##
#......♣.l..# #.
##P........P.# .#
##.............#
#.####...♣P......P.P#


You could see a yak, a basilisk and an iguana.

Vanquished Creatures
  Pikel (D:5)
  2 hippogriffs (D:6)
  A wraith (D:6)
  Sigmund (D:3)
  2 yaks (D:7)
  A basilisk (D:7)
  2 crocodiles (D:7)
  2 porcupines (D:7)
  A sky beast (D:4)
  2 orc warriors
  A black bear (D:6)
  3 slaves (D:5)
  3 ogres
  A phantom (D:4)
  A bullfrog (D:6)
  A big kobold (D:6)
  A gnoll sergeant (D:5)
  A scorpion (D:6)
  A crimson imp (D:6)
  A hound (D:5)
  A quasit (D:6)
  A bullfrog skeleton (D:5)
  A jelly (D:3)
  An orc priest (D:7)
  A gnoll shaman (D:7)
  2 iguanas
  6 worker ants
  A worker ant zombie (D:6)
  5 gnolls (D:7)
  15 adders
  3 oozes
  An adder zombie (D:7)
  4 worms
  5 dart slugs
  3 leopard geckos
  13 orcs
  4 bats
  4 giant cockroaches
  7 goblins
  12 hobgoblins
  12 jackals
  8 kobolds
  6 quokkas
  3 ball pythons
  A frilled lizard (D:1)
  A quokka skeleton (D:6)
  3 rats
153 creatures vanquished.

Vanquished Creatures (others)
  A bush (D:7)
  A fungus (D:7)
  11 plants (D:7)
13 creatures vanquished.

Grand Total: 166 creatures vanquished

Notes
Turn   | Place    | Note
-------+----------+-------------------------------------------
     0 | D:1      | Morbidden the Djinni Air Elementalist began the quest for
                  | the Orb.
     0 | D:1      | Reached XP level 1. HP: 14/14 MP: 4/4
   393 | D:1      | Reached XP level 2. HP: 20/20 MP: 0/6
   853 | D:1      | Reached XP level 3. HP: 26/26 MP: 3/7
  1130 | D:2      | Found a hazy altar of Hepliaklqana.
  1347 | D:2      | Found a runed door.
  1467 | D:2      | Learned a level 3 spell: Static Discharge
  1512 | D:2      | Reached skill level 4 in Spellcasting
  1512 | D:2      | Gained mutation: Your spells are harder to cast, but more
                  | powerful. [Djinni growth]
  1512 | D:2      | Gained mutation: You can translocate small distances at
                  | will. [Djinni growth]
  1512 | D:2      | Reached XP level 4. HP: 33/33 MP: 1/10
  2028 | D:3      | Reached skill level 5 in Air Magic
  2083 | D:3      | Reached XP level 5. HP: 39/39 MP: 4/11
  2320 | D:3      | Reached skill level 5 in Spellcasting
  2579 | D:3      | Learned a level 4 spell: Airstrike
  2837 | D:3      | Noticed Sigmund
  2857 | D:3      | Killed Sigmund
  2858 | D:3      | Reached skill level 1 in Fighting
  2858 | D:3      | Reached skill level 6 in Spellcasting
  2858 | D:3      | Reached XP level 6. HP: 44/47 MP: 13/15
  2983 | D:3      | Found a shimmering altar of Xom.
  3115 | D:4      | Noticed a sky beast
  3242 | D:4      | Killed a sky beast
  3342 | D:4      | Reached XP level 7. HP: 55/55 MP: 11/17
  3575 | D:4      | Reached skill level 7 in Spellcasting
  3784 | D:5      | Entered Level 5 of the Dungeon
  4113 | D:5      | Noticed Pikel
  4132 | D:5      | HP: 2/56 [Pikel/+0 whip of flaming (2)]
  4134 | D:5      | Killed Pikel
  4135 | D:5      | Reached skill level 8 in Spellcasting
  4135 | D:5      | Gained mutation: Your spells are much harder to cast, but
                  | much more powerful. [Djinni growth]
  4135 | D:5      | Reached XP level 8. HP: 3/63 MP: 1/20
  5079 | D:6      | Reached skill level 9 in Spellcasting
  5273 | D:6      | Noticed a hippogriff
  5278 | D:6      | Killed a hippogriff
  5347 | D:6      | Reached XP level 9. HP: 71/71 MP: 19/22
  5363 | D:6      | Reached skill level 10 in Spellcasting
  6064 | D:7      | Found a staircase to the Lair.
  6155 | D:7      | Reached skill level 11 in Spellcasting
  6350 | D:7      | Found a staircase to the Ecumenical Temple.
  6404 | Temple   | Entered the Ecumenical Temple
  6513 | Temple   | Became a worshipper of Vehumet
  6590 | D:7      | Reached skill level 1 in Short Blades
  6590 | D:7      | Reached skill level 5 in Conjurations
  6593 | D:7      | Slain by a basilisk

Skill      XL: |  1  2  3  4  5  6  7  8  9 |
---------------+----------------------------+-----
Air Magic      | 4 5 6 7 8 9 |  9.6
Spellcasting   | 4 6 8 9 11 | 11.7
Conjurations   | 2 3 4 5 |  5.0
Fighting       | 1 2 3 4 |  4.8
Dodging        | 3 4 |  4.7
Stealth        | 2 |  2.1
Short Blades   | 1 |  1.0

Action                   |  1- 3 |  4- 6 |  7- 9 || total
-------------------------+-------+-------+-------++-------
Melee: Unarmed           |     7 |       |       ||     7
       Dagger            |     5 |    10 |    23 ||    38
 Fire: Blowgun           |       |     4 |       ||     4
 Cast: Shock             |    81 |    87 |   184 ||   352
       Airstrike         |       |     4 |    25 ||    29
  Use: Scroll            |     1 |       |     3 ||     4
       Potion            |       |       |     1 ||     1
  Eat: Chunk             |     3 |     7 |    13 ||    23
Armor: Robe              |     3 |     8 |    19 ||    30
Dodge: Dodged            |    11 |    13 |    78 ||   102
